AoeStats
← Infadel

MegaRandom

506757075Analyzed
1v1 RM · 19d ago on Sep 15, 2026· 38m 31s· 2 players
Game mode
Random Map
Map size
Tiny (2 player)
Population
200
Speed
Normal
Resources
Standard
Victory
Conquest
Starting age
Dark Age
Ending age
Imperial Age
RankedLock teamsTeams togetherTeam positionsShared explorationLock speedFull tech treeHidden civsTurbo modeCheats
Victory
Defeat
🇺🇸 Magyars · United States
1042
+17
🇮🇳 Magyars · India
1057
-17
ImPrefect
7:32 Loom
7:36 Loom
11:43 Feudal Age
12:23 Double-Bit Axe
13:27 Horse Collar
16:38 Fletching
22:02 Castle Age
20:55 Padded Archer Armor
22:04 Crossbowman
22:48 Bodkin Arrow
23:42 Bow Saw
32:46 Wheelbarrow
32:39 Heavy Plow
35:29 Imperial Age
33:05 Corvinian Army
35:19 Scale Barding Armor
36:20 Town Watch
37:44 Conscription
37:51 Bloodlines
37:42 Husbandry
38:16 Thumb Ring
Infadel
12:53 Feudal Age
13:18 Feudal Age
11:33 Loom
14:07 Double-Bit Axe
19:42 Castle Age
21:18 Bow Saw
21:18 Horse Collar
25:36 Heavy Plow
26:33 Gold Mining
26:34 Stone Mining
29:58 Wheelbarrow
29:09 Town Watch
32:41 Fletching
32:51 Padded Archer Armor
33:47 Bodkin Arrow
36:07 Thumb Ring
36:40 Leather Archer Armor
38:42 Gold Shaft Mining
40:42 Imperial Age
39:21 Hand Cart
Connection lost

Rejoining the realm…

Still unreachable

The connection could not be restored.

Session expired

The server has moved on; the page needs a fresh start.